 Dungeon Crawl Stone Soup version 0.19.0-16-g73b5abf (webtiles) character file.

11427 Leibowitz the Impaler (level 11, -8/90 HPs)
             Began as a Merfolk Gladiator on Nov 10, 2016.
             Was a High Priest of Okawaru.
             Mangled by a komodo dragon (16 damage)
             ... on level 1 of the Lair of Beasts.
             The game lasted 00:47:54 (13166 turns).

Leibowitz the Impaler (Merfolk Gladiator)          Turns: 13166, Time: 00:47:55

Health: -8/90      AC:  8    Str: 15    XL:     11   Next: 77%
Magic:  9/9        EV: 23    Int: 10    God:    Okawaru [*****.]
Gold:   1155       SH:  0    Dex: 19    Spells: 0 memorised, 10 levels left

rFire  . . .     SeeInvis .     a - +4 trident (pain)
rCold  . . .     Gourm    .     A - +2 robe
rNeg   . . .     Faith    +     (no shield)
rPois  +         Spirit   .     c - +0 helmet
rElec  .         Reflect  .     t - +1 cloak
rCorr  .         Harm     .     (no gloves)
MR     ++...                    j - +0 pair of boots
Stlth  ++++......               E - amulet of faith
                                (no ring)
                                L - ring of the Mage {Wiz MR++ Int+3}

@: no status effects
A: change form in water, swift swim, stealthy swim, low mp 1, poison resistance
a: Heroism, Finesse, Renounce Religion


You were on level 1 of the Lair of Beasts.
You worshipped Okawaru.
Okawaru was extremely pleased with you.
You were not hungry.

You visited 3 branches of the dungeon, and saw 12 of its levels.
You also visited: Bailey.

You collected 1263 gold pieces.
You spent 108 gold pieces at shops.

Inventory:

Hand Weapons
 a - a +4 trident of pain (weapon)
 b - a +0 blowgun
 i - a +0 bardiche
 K - a +4 scimitar of flaming
Missiles
 v - 76 poisoned needles
 B - 10 throwing nets (quivered)
 I - 6 curare-tipped needles
 U - 4 poisoned javelins
 X - 4 needles of paralysis
Armour
 c - a +0 helmet (worn)
 j - a +0 pair of boots (worn)
 t - a +1 cloak (worn)
 A - a +2 robe (worn)
Jewellery
 E - an amulet of faith (around neck)
 L - the ring of the Mage (left hand) {Wiz MR++ Int+3}
   (You found it on level 8 of the Dungeon)

   [ring of wizardry]

   It improves your spell success rate.
   It affects your intelligence (+3).
   It affects your resistance to hostile enchantments.
 S - the ring "Lime" {Fire Str+5 Stlth-}
   (You took it off a gnoll in a bailey)

   [ring of fire]

   It enhances your fire magic.
   It affects your strength (+5).
   It protects you from fire.
   It makes you vulnerable to cold.
   It makes you less stealthy.
Wands
 l - a wand of flame (23/48)
 w - a wand of random effects (17/48)
 x - a wand of lightning (8/15)
 F - a wand of iceblast (7/15)
 Q - a wand of lightning (11/15)
Scrolls
 h - 11 scrolls of identify
 m - 2 scrolls of remove curse
 n - 4 scrolls of magic mapping
 p - a scroll of enchant weapon
 r - 2 scrolls of fear {unknown}
 s - 5 scrolls of recharging {unknown}
 y - 3 scrolls of amnesia {unknown}
 G - a scroll of random uselessness {unknown}
 M - 5 scrolls of teleportation {unknown}
 N - a scroll of summoning {unknown}
 O - a scroll of immolation {unknown}
 R - 3 scrolls of fog {unknown}
Potions
 e - 2 potions of cure mutation
 g - a potion of curing
 k - 2 potions of invisibility
 o - a potion of resistance
 u - 2 potions of lignification {unknown}
 z - 2 potions of flight {unknown}
 C - a potion of brilliance {unknown}
 D - a potion of magic {unknown}
 H - a potion of beneficial mutation {unknown}
 J - a potion of cancellation {unknown}
 V - a potion of might
Comestibles
 d - 3 slices of pizza
 f - 6 bread rations
 q - 12 royal jellies
 P - a beef jerky
 T - 3 meat rations


   Skills:
 + Level 9.8 Fighting
 + Level 15.1 Polearms
 + Level 2.8 Throwing
 + Level 4.0 Armour
 + Level 12.7 Dodging
 + Level 8.6 Stealth


You had 10 spell levels left.
You didn't know any spells.

Dungeon Overview and Level Annotations

Branches:
Dungeon (10/15)            Temple (1/1) D:5            Lair (1/6) D:9
    Orc: D:9-12

Altars:
Ashenzari
Cheibriados
Dithmenos
Elyvilon
Fedhas
Gozag
Hepliaklqana
Kikubaaqudgha
Makhleb
Nemelex Xobeh
Okawaru
Qazlal
Ru
Sif Muna
Trog
Uskayaw
Vehumet
Xom
Yredelemnul
Zin
The Shining One

Shops:
D:4 !

Annotations:
D:10 Nergalle


Innate Abilities, Weirdness & Mutations

You revert to your normal form in water.
You are very nimble and swift while swimming.
You are very stealthy in the water. (Stealth+)
Your magical capacity is low. (-10% MP)
Your system is resistant to poisons. (rPois)


Message History

You hit the komodo dragon but do no damage.
The komodo dragon is moderately wounded.
The komodo dragon barely misses you.
You puncture the komodo dragon!
The komodo dragon is heavily wounded.
The komodo dragon closely misses you.
You hit the komodo dragon.
The komodo dragon is heavily wounded.
You puncture the komodo dragon!
The komodo dragon is severely wounded.
The komodo dragon barely misses you.
You barely miss the komodo dragon.
The komodo dragon is severely wounded.
You puncture the komodo dragon!
The komodo dragon is almost dead.
The komodo dragon bites you!!
* * * LOW HITPOINT WARNING * * *
You hear a howl!
You feel better. The komodo dragon bites you!
You die...

##..###.##...#.#.#
........#....# #
P............#
#.......##...#
##########...##
P###.....#
........## ##
........h###.##..#.
..........†l@.......
.#####.######.#####.
## ##


You could see a komodo dragon and a wolf (wandering).

Vanquished Creatures
  Erica (D:9)
  Pikel (D:4)
  Psyche (D:8)
  The ghost of OverLord the Gusty, an amateur NaAE (D:5)
  A two-headed ogre (D:8)
  A hornet (D:9)
  4 blink frogs (Lair:1)
  2 basilisks (Lair:1)
  12 yaks
  Grum (D:8)
  Edmund (D:6)
  2 hell hounds
  Duvessa (D:4)
  2 water moccasins
  2 orc warriors
  4 porcupines (Lair:1)
  2 slaves
  A sky beast (D:10)
  A necrophage (D:6)
  2 ice beasts
  4 ogres
  3 wolves (Lair:1)
  5 centaurs
  A phantom (D:8)
  A crocodile (Lair:1)
  2 big kobolds
  9 gnoll sergeants
  5 bullfrogs
  Blork the orc (D:4)
  Dowan (D:4)
  11 killer bees
  A howler monkey (D:3)
  2 crimson imps (D:5)
  6 jellies
  3 orc priests
  Crazy Yiuf (D:2)
  3 bullfrog skeletons
  A centaur skeleton (D:10)
  8 hounds
  5 orc wizards
  6 gnoll shamans (Bailey)
  Natasha (thrice) (D:2)
  Terence (D:3)
  4 iguanas
  7 worker ants
  A killer bee zombie (D:7)
  A howler monkey zombie (D:8)
  Robin (D:2)
  24 gnolls
  20 adders
  A shadow imp (D:8)
  8 oozes
  2 adder zombies
  5 worms
  7 dart slugs
  2 leopard geckos
  20 orcs
  5 ball pythons
  11 bats
  5 giant cockroaches
  18 goblins
  8 hobgoblins
  7 jackals
  21 kobolds
  6 quokkas
  5 frilled lizards
  2 leopard gecko skeletons
  A leopard gecko zombie (D:6)
  5 rats
323 creatures vanquished.

Vanquished Creatures (others)
  A fungus (Lair:1)
1 creature vanquished.

Grand Total: 324 creatures vanquished

Notes
Turn   | Place    | Note
-------+----------+-------------------------------------------
     0 | D:1      | Leibowitz the Merfolk Gladiator began the quest for the Orb.
     0 | D:1      | Reached XP level 1. HP: 16/16 MP: 1/1
   150 | D:1      | Reached XP level 2. HP: 22/22 MP: 2/2
   384 | D:1      | Reached XP level 3. HP: 28/28 MP: 3/3
   911 | D:2      | Found a sparkling altar of Nemelex Xobeh.
   912 | D:2      | Noticed Robin
   932 | D:2      | Reached skill level 5 in Polearms
   966 | D:2      | Reached skill level 1 in Stealth
   966 | D:2      | Reached XP level 4. HP: 11/34 MP: 4/4
  1244 | D:2      | Killed Robin
  1244 | D:2      | Reached skill level 5 in Dodging
  1323 | D:2      | Noticed Natasha
  1357 | D:2      | Killed Natasha
  1357 | D:2      | Reached skill level 1 in Armour
  1370 | D:2      | Noticed Natasha
  1450 | D:2      | Killed Natasha
  1450 | D:2      | Reached skill level 6 in Polearms
  1450 | D:2      | Reached XP level 5. HP: 12/39 MP: 5/5
  1612 | D:2      | Noticed Natasha
  1684 | D:2      | Killed Natasha
  2061 | D:2      | Reached skill level 9 in Polearms
  2061 | D:2      | Reached skill level 10 in Dodging
  2061 | D:2      | Reached skill level 5 in Stealth
  2061 | D:2      | Reached XP level 6. HP: 11/52 MP: 6/6
  2067 | D:2      | Gained mutation: Your system is resistant to poisons. (rPois) [potion of mutation]
  2067 | D:2      | Gained mutation: Your magical capacity is low. (-10% MP) [potion of mutation]
  2501 | D:2      | Found a runed door.
  2505 | D:2      | Noticed Crazy Yiuf
  2514 | D:2      | Killed Crazy Yiuf
  2634 | D:3      | Noticed Terence
  2659 | D:3      | Reached XP level 7. HP: 43/58 MP: 6/6
  2674 | D:3      | Killed Terence
  3464 | D:4      | Noticed Duvessa
  3464 | D:4      | Noticed Dowan
  3465 | D:4      | Killed Dowan
  3465 | D:4      | Reached skill level 10 in Polearms
  3500 | D:4      | Killed Duvessa
  3741 | D:4      | Noticed Blork the orc
  3759 | D:4      | Killed Blork the orc
  3854 | D:4      | Noticed Pikel
  4039 | D:4      | Killed Pikel
  4039 | D:4      | Reached skill level 11 in Polearms
  4039 | D:4      | Reached XP level 8. HP: 40/65 MP: 7/7
  4076 | D:4      | Found Toit's Distillery.
  4079 | D:4      | Bought a potion of might for 48 gold pieces
  4079 | D:4      | Bought a potion of heal wounds for 60 gold pieces
  4664 | D:5      | Entered Level 5 of the Dungeon
  5221 | D:5      | Found a staircase to the Ecumenical Temple.
  5235 | D:5      | Noticed OverLord's ghost (amateur NaAE)
  5237 | Temple   | Entered the Ecumenical Temple
  5349 | Temple   | Became a worshipper of Warmaster Okawaru
  5433 | D:5      | Killed OverLord's ghost
  5433 | D:5      | Reached XP level 9. HP: 57/71 MP: 8/8
  5528 | D:5      | Found a deep blue altar of Sif Muna.
  5691 | D:6      | Noticed Edmund
  5722 | D:6      | Killed Edmund
  6523 | D:6      | Reached skill level 12 in Polearms
  7346 | D:7      | Reached * piety under Okawaru
  8115 | D:8      | Noticed Psyche
  8128 | D:8      | Killed Psyche
  8128 | D:8      | Reached ** piety under Okawaru
  8128 | D:8      | Reached XP level 10. HP: 57/80 MP: 9/9
  8663 | D:8      | Reached *** piety under Okawaru
  8663 | D:8      | Reached skill level 13 in Polearms
  9438 | D:8      | Noticed Grum
  9447 | D:8      | Killed Grum
  9586 | D:9      | Identified the Guide on Shifting Clay
  9661 | D:9      | Noticed Erica
  9683 | D:9      | Killed Erica
  9683 | D:9      | Reached **** piety under Okawaru
 10172 | D:9      | Found a staircase to the Lair.
 10427 | D:9      | Reached ***** piety under Okawaru
 10435 | D:9      | Reached XP level 11. HP: 69/87 MP: 9/9
 10462 | D:9      | Reached skill level 14 in Polearms
 11088 | D:10     | Entered Level 10 of the Dungeon
 11194 | D:10     | Found a flagged portal.
 11211 | Bailey   | Entered a bailey
 11950 | Bailey   | Got a steaming iron ring
 11977 | Bailey   | Got a smoking scimitar {slice}
 12028 | D:10     | Identified the cursed +0 scimitar "Beiblenn" {slice, rC- rN++ Str+4} (You took it off a gnoll in a bailey)
 12035 | D:10     | Identified the ring "Lime" {Fire Str+5 Stlth-} (You took it off a gnoll in a bailey)
 12159 | D:10     | Noticed Nergalle
 12161 | D:10     | Noticed a hill giant
 12162 | D:10     | Noticed a spectral orc warlord
 12381 | Lair:1   | Entered Level 1 of the Lair of Beasts
 12391 | Lair:1   | Received a gift from Okawaru
 12799 | Lair:1   | Received a gift from Okawaru
 12969 | Lair:1   | Reached skill level 15 in Polearms
 13165 | Lair:1   | HP: 1/90 [komodo dragon (30)]
 13166 | Lair:1   | Mangled by a komodo dragon

Skill      XL: |  1  2  3  4  5  6  7  8  9 10 11 |
---------------+----------------------------------+-----
Polearms       | 5 6 9 11 12 13 15 | 15.1
Stealth        | 1 5 6 7 8 |  8.6
Dodging        | 5 10 11 12 | 12.7
Armour         | 1 3 4 |  4.0
Fighting       | 6 7 8 9 |  9.8
Throwing       | |  2.8

Action                   |  1- 3 |  4- 6 |  7- 9 | 10-12 || total
-------------------------+-------+-------+-------+-------++-------
Melee: Trident           |    81 |   135 |   527 |   793 ||  1536
       Tailslap          |     1 |     9 |       |    37 ||    47
       Bardiche          |       |       |       |    40 ||    40
 Fire: Blowgun           |       |       |     8 |       ||     8
Throw: Throwing net      |       |     3 |     4 |     1 ||     8
Evoke: Wand              |       |       |     1 |       ||     1
  Use: Potion            |       |     4 |     2 |     2 ||     8
       Scroll            |       |       |     5 |     4 ||     9
 Stab: Sleeping          |     4 |     1 |    17 |    18 ||    40
       Held in net/web   |       |     1 |     2 |     1 ||     4
  Eat: Chunk             |       |     6 |    15 |    17 ||    38
       Beef jerky        |       |       |     1 |       ||     1
Armor: Leather armour    |    16 |    16 |    20 |       ||    52
       Robe              |       |       |    37 |    62 ||    99
Dodge: Dodged            |    76 |    66 |   328 |   607 ||  1077
